 Dungeon Crawl Stone Soup version 0.20.0-8-g6b59dc7 (webtiles) character file.

93 greprep the Shield-Bearer (level 4, -1/61 HPs)
             Began as a Minotaur Fighter on May 30, 2017.
             Slain by a killer bee (6 damage)
             ... on level 3 of the Dungeon.
             The game lasted 00:02:30 (1715 turns).

greprep the Shield-Bearer (Minotaur Fighter)        Turns: 1715, Time: 00:02:31

Health: -1/61      AC:  8    Str: 25    XL:     4   Next: 36%
Magic:  3/3        EV:  8    Int:  5    God:
Gold:   142        SH: 10    Dex: 11    Spells: 3/3 levels left

rFire    . . .     SeeInvis .   a - +0 long sword
rCold    . . .     Gourm    .   c - +0 shield
rNeg     . . .     Faith    .   b - +0 scale mail
rPois    .         Spirit   .   (helmet restricted)
rElec    .         Reflect  .   (no cloak)
rCorr    .         Harm     .   j - +0 pair of gloves
MR       .....                  (no boots)
Stlth    ..........             (no amulet)
Regen    0.2/turn               (no ring)
MPRegen  0.1/turn               (no ring)

@: berserking, lethally poisoned (-1 -> -30), very quick
A: retaliatory headbutt, horns 2
a: no special abilities


You were on level 3 of the Dungeon.
You were not hungry.

You visited 1 branch of the dungeon, and saw 3 of its levels.

You collected 142 gold pieces.

Inventory:

Hand Weapons
 a - a +0 long sword (weapon)
Armour
 b - a +0 scale mail (worn)
 c - a +0 shield (worn)
 j - a +0 pair of gloves (worn)
Wands
 p - a wand of flame (32/48)
Scrolls
 i - a scroll of enchant weapon {unknown}
 k - 3 scrolls of identify {unknown}
 l - a scroll of recharging {unknown}
 m - a scroll of fear {unknown}
 n - 2 scrolls of noise {unknown}
Potions
 d - a potion of might
 h - a potion of magic {unknown}
 o - a potion of haste {unknown}
Comestibles
 f - a bread ration
 g - 3 royal jellies


   Skills:
 * Level 4.5 Fighting
 + Level 2.6 Long Blades
 * Level 4.4 Armour
 * Level 0.7 Dodging
 * Level 4.7 Shields


You had 3 spell levels left.
You didn't know any spells.

Dungeon Overview and Level Annotations

Branches:
Dungeon (3/15)

Altars:


Innate Abilities, Weirdness & Mutations

You reflexively headbutt those who attack you in melee.
You have a pair of horns on your head.


Message History

It was a potion of berserk rage.
A red film seems to cover your vision as you go berserk!
You feel yourself moving faster!
You feel mighty!
* * * LOW HITPOINT WARNING * * *
You feel sick. You block the killer bee's attack.
The killer bee barely misses you.
You riposte.
You miss the killer bee.
The killer bee is almost dead.
The killer bee stings you.
* * * LOW HITPOINT WARNING * * *
You are more poisoned.
The killer bee poisons you! The killer bee closely misses you.
You block the adder's attack.
You are too berserk!
You feel a strong urge to attack something.
* * * LOW HITPOINT WARNING * * *
You feel sick. You block the killer bee's attack. The killer bee stings you.
* * * LOW HITPOINT WARNING * * *
You are more poisoned.
The killer bee poisons you! The killer bee stings you.
You die...

### .. ##.###
######....#. . ..
........... ..
....####...?.# ...
........@y..# ....
#.####.yyy.# .y..#
#>......Sgy#..y...
..###........†...# #.
#.....##.#)?.... #.#
#...............
###.###.....###..##...
#.......##### .... ..
#.......# ...## #


You could see 5 killer bees, an adder and a goblin.

Vanquished Creatures
  2 adders (D:2)
  3 oozes
  2 worms (D:3)
  2 dart slugs (D:1)
  2 leopard geckos
  2 ball pythons (D:1)
  2 giant cockroaches
  6 hobgoblins
  3 jackals (D:2)
  A quokka (D:3)
  5 bats
  3 frilled lizards (D:1)
  6 goblins
  6 kobolds
  5 rats
50 creatures vanquished.

Notes
Turn   | Place    | Note
-------+----------+-------------------------------------------
     0 | D:1      | greprep the Minotaur Fighter began the quest for the Orb.
     0 | D:1      | Reached XP level 1. HP: 19/19 MP: 0/0
    70 | D:1      | Reached XP level 2. HP: 20/27 MP: 1/1
   484 | D:1      | Reached XP level 3. HP: 32/33 MP: 2/2
   930 | D:2      | Reached XP level 4. HP: 37/41 MP: 3/3
  1715 | D:3      | Slain by a killer bee

Skill      XL: |  1  2  3 |
---------------+----------+-----
Shields        | 4 |  4.7
Armour         | 4 |  4.4
Fighting       | 4 |  4.5
Long Blades    | |  2.6
Dodging        | |  0.7

Action                   |  1- 3 |  4- 6 || total
-------------------------+-------+-------++-------
Melee: Long sword        |    84 |    37 ||   121
       Headbutt          |    12 |     5 ||    17
  Use: Potion            |       |     1 ||     1
  Eat: Meat ration       |       |     1 ||     1
Armor: Scale mail        |    38 |    11 ||    49
Dodge: Dodged            |    42 |    18 ||    60
Block: Shield            |    55 |    34 ||    89
       Rpst.: Long sword |    13 |     5 ||    18
